 Dungeon Crawl Stone Soup version 0.24-a0-284-g9fb9971 (webtiles) character file.

Game seed: 1093717440305658506

231618 MatthieuS the Impaler (level 19, -1/152 HPs)
             Began as a Human Wanderer on May 4, 2019.
             Was an Elder of Makhleb.
             Shot with a bolt by a yaktaur (9 damage)
             ... on level 1 of the Depths.
             The game lasted 02:01:44 (39909 turns).

MatthieuS the Impaler (Human Wanderer)             Turns: 39909, Time: 02:01:45

Health: -1/152     AC: 33    Str: 18    XL:     19   Next: 79%
Magic:  29/29      EV:  7    Int: 10    God:    Makhleb [****..]
Gold:   337        SH: 15    Dex: 16    Spells: 18/18 levels left

rFire    + + .     SeeInvis +   a - +7 trident "Higudghe" {vamp, +Blink rElec}
rCold    + + .     Gourm    .   P - +2 shield
rNeg     + + .     Faith    +   T - +3 gold dragon scales
rPois    +         Spirit   .   C - +0 helmet of Shielding {rElec rN++ Regen+ Int-2}
rElec    +         Reflect  .   D - +0 cloak
rCorr    .         Harm     .   Y - +2 pair of gloves {archery}
MR       +++..                  f - +2 pair of boots {run}
Stlth    ..........             y - amulet of faith {!P}
HPRegen  0.75/turn              l - ring "Piemoruc" {rF+ MR+ SInv}
MPRegen  0.21/turn              q - ring "Gimeunol" {rC+ MR+ AC+2}

@: very slightly contaminated, quick
A: no striking features
}: 2/15 runes: decaying, serpentine
a: Minor Destruction, Lesser Servant of Makhleb, Major Destruction, Renounce
Religion, Evoke Blink


You were on level 1 of the Depths.
You worshipped Makhleb.
Makhleb was greatly pleased with you.
You were not hungry.

You visited 6 branches of the dungeon, and saw 32 of its levels.
You also visited: Bailey.

You collected 4156 gold pieces.
You spent 3819 gold pieces at shops.

Inventory:

Hand Weapons
 a - the +7 trident "Higudghe" (weapon) {vamp, +Blink rElec}
   (You bought it in a shop on level 8 of the Dungeon)

   It inflicts no extra harm, but heals its wielder when it wounds a living foe.
   It insulates you from electricity.
   It lets you blink.
 k - the +5 trident of Reinforcement {pierce, Str-2 Int+5 SInv}
   (You found it on level 2 of the Lair of Beasts)

   It inflicts extra damage upon your enemies.
   It affects your strength (-2).
   It affects your intelligence (+5).
   It lets you see invisible.
Missiles
 z - a throwing net (quivered) {!f}
Armour
 f - a +2 pair of boots of running (worn)
   (You found it on level 3 of the Snake Pit)
 r - a +0 large shield
   (You took it off a naga warrior on level 4 of the Snake Pit)
 C - the +0 helmet of Shielding (worn) {rElec rN++ Regen+ Int-2}
   (You found it on level 6 of the Lair of Beasts)

   It affects your intelligence (-2).
   It insulates you from electricity.
   It greatly protects you from negative energy.
   It increases your rate of regeneration.
 D - a +0 cloak (worn)
   (You bought it in a shop on level 10 of the Dungeon)
 P - a +2 shield (worn)
   (You found it on level 13 of the Dungeon)
 T - +3 gold dragon scales (worn)
   (You bought it in a shop on level 10 of the Dungeon)
 Y - a +2 pair of gloves of archery (worn)
   (You found it on level 2 of the Snake Pit)
Jewellery
 l - the ring "Piemoruc" (left hand) {rF+ MR+ SInv}
   (You found it on level 3 of the Snake Pit)

   [ring of see invisible]

   It protects you from fire.
   It affects your resistance to hostile enchantments.
   It lets you see invisible.
 q - the ring "Gimeunol" (right hand) {rC+ MR+ AC+2}
   (You found it on level 3 of the Snake Pit)

   [ring of protection]

   It affects your AC (+2).
   It protects you from cold.
   It affects your resistance to hostile enchantments.
 y - an amulet of faith (around neck) {!P}
   (You found it on level 3 of the Lair of Beasts)
 H - an uncursed ring of resist corrosion
   (You found it on level 5 of the Lair of Beasts)
 L - an uncursed ring of protection from cold
   (You found it on level 5 of the Lair of Beasts)
 Z - the ring "Sugol" {Str+4 Slay+2 SInv}
   (You bought it in a shop on level 3 of the Snake Pit)

   [ring of slaying]

   It affects your strength (+4).
   It affects your accuracy and damage with ranged weapons and melee attacks
   (+2).
   It lets you see invisible.
Wands
 c - a wand of disintegration (20)
   (You found it on level 4 of the Swamp)
 d - a wand of iceblast (10)
   (You found it on level 4 of the Snake Pit)
 u - a wand of paralysis (5)
   (You bought it in a shop on level 15 of the Dungeon)
 v - a wand of digging (11)
   (You found it on level 6 of the Lair of Beasts)
 x - a wand of acid (1)
   (You found it on level 11 of the Dungeon)
 Q - a wand of scattershot (3)
   (You took it off a kobold on level 11 of the Dungeon)
 R - a wand of enslavement (28)
   (You found it on level 8 of the Dungeon)
Scrolls
 h - 8 scrolls of fear
 j - 10 scrolls of amnesia
 m - 10 scrolls of remove curse {@r2}
 n - 13 scrolls of teleportation {@r4}
 s - 2 scrolls of immolation {!r}
 N - 2 scrolls of silence
 S - 6 scrolls of enchant weapon
 V - 2 scrolls of identify {@r1}
 X - 8 scrolls of magic mapping
Potions
 b - 3 potions of cancellation
 g - 2 potions of ambrosia
 i - 2 potions of resistance
 o - 8 potions of curing {@q1}
 p - 7 potions of mutation {!q}
 w - 7 potions of haste {@q3}
 A - 3 potions of magic
 B - 2 potions of agility
 E - 4 potions of might
 G - 3 potions of lignification {!q}
 J - 5 potions of brilliance
 U - 2 potions of invisibility
 W - 2 potions of heal wounds {@q2}
Miscellaneous
 t - a phantom mirror
 F - 2 boxes of beasts
 M - a fan of gales
   (You bought it in a shop on level 2 of the Orcish Mines)
Comestibles
 e - 40 rations
 I - 25 chunks of flesh


   Skills:
 + Level 14.1 Fighting
 + Level 16.1 Polearms
 - Level 1.0 Throwing
 - Level 11.4 Armour
 + Level 11.5 Dodging
 - Level 1.0 Stealth
 + Level 12.1 Shields
 + Level 14.0 Invocations
 - Level 12.6 Evocations


You had 18 spell levels left.
You didn't know any spells.
Your spell library contained the following spells:

 Spells                   Type           Power        Failure   Level  Hunger
 Animate Skeleton         Necr           N/A          100%        1    ##.....
 Apportation              Tloc           #.....       100%        1    ##.....
 Confusing Touch          Hex            #.....       100%        1    ##.....
 Corona                   Hex            #......      100%        1    ##.....
 Infusion                 Chrm           #...         100%        1    ##.....
 Magic Dart               Conj           #...         100%        1    ##.....
 Summon Butterflies       Summ           #.......     100%        1    ##.....
 Summon Small Mammal      Summ           #...         100%        1    ##.....
 Blink                    Tloc           N/A          100%        2    ###....
 Call Imp                 Summ           #.......     100%        2    ###....
 Ensorcelled Hibernation  Hex/Ice        #.....       100%        2    ###....
 Poisonous Vapours        Pois/Air       #.....       100%        2    ###....
 Searing Ray              Conj           #.....       100%        2    ###....
 Shroud of Golubria       Chrm/Tloc      #.........   100%        2    ###....
 Slow                     Hex            #.......     100%        2    ###....
 Song of Slaying          Chrm           #.......     100%        2    ###....
 Call Canine Familiar     Summ           #.......     100%        3    ####...
 Confuse                  Hex            #.......     100%        3    ####...
 Conjure Flame            Conj/Fire      #.......     100%        3    ####...
 Dazzling Spray           Conj/Hex       #.....       100%        3    ####...
 Mephitic Cloud           Conj/Pois/Air  #.......     100%        3    ####...
 Recall                   Summ/Tloc      N/A          100%        3    ####...
 Regeneration             Chrm/Necr      #.........   100%        3    ####...
 Spectral Weapon          Hex/Chrm       #.......     100%        3    ####...
 Tukima's Dance           Hex            #.......     100%        3    ####...
 Animate Dead             Necr           N/A          100%        4    #####..
 Force Lance              Conj/Tloc      #.......     100%        4    #####..
 Fulminant Prism          Conj/Hex       #.........   100%        4    #####..
 Iskenderun's Mystic Bla  Conj           #.......     100%        4    #####..
 Olgreb's Toxic Radiance  Pois           #.......     100%        4    #####..
 Summon Ice Beast         Ice/Summ       #.......     100%        4    #####..
 Borgnjor's Vile Clutch   Necr/Erth      #.........   100%        5    ######.
 Summon Mana Viper        Hex/Summ       #.......     100%        5    ######.
 Death Channel            Necr           #.........   100%        6    #######
 Freezing Cloud           Conj/Ice/Air   #.........   100%        6    #######
 Simulacrum               Ice/Necr       #.........   100%        6    #######
 Ring of Flames           Chrm/Fire      #.........   100%        7    #######
 Summon Hydra             Summ           #.........   100%        7    #######


Dungeon Overview and Level Annotations

Branches:
Dungeon (15/15)            Temple (0/1) D:5            Lair (6/6) D:9
  Swamp (4/4) Lair:2        Snake (4/4) Lair:3        Slime (0/5) Lair:5
    Orc (2/2) D:12            Elf (0/3) Orc:2        Vaults (0/5) D:14
 Depths (1/5) D:15

Altars:
Ashenzari
Cheibriados
Fedhas
Kikubaaqudgha
Makhleb
Okawaru
Qazlal
Trog
Xom
Beogh
Jiyva

Shops:
D:8 (   D:10 [   D:15 *   Orc:2 =}[:   Snake:1 !   Snake:3 :=[

Annotations:
D:6 2 transporters
D:8 2 transporters, Grum; MatthieuS's ghost, novice HuWn
Lair:2 2 transporters, Ceffuacw's ghost, journeyman NaWz


Message History

You block the deep troll's attack. x3; The deep troll shaman bites you!
* * * LOW HITPOINT WARNING * * *
The deep troll shaman claws you.
* * * LOW HITPOINT WARNING * * *
The deep troll shaman closely misses you.
You barely miss the deep troll shaman. The deep troll closely misses you.
You block the deep troll's attack. The deep troll claws you!
* * * LOW HITPOINT WARNING * * *
You puncture the deep troll shaman!
You feel better.
You kill the deep troll shaman!
Makhleb accepts your kill.
You feel better.
You hit the iron troll but do no damage.
The deep troll bites you!
* * * LOW HITPOINT WARNING * * *
You block the deep troll's attack.
The deep troll claws you but does no damage.
You hit the iron troll.
You feel better. You block the iron troll's attack.
The iron troll claws you but does no damage. x2
You hit the iron troll but do no damage.
The deep troll bites you but does no damage.
The deep troll claws you but does no damage.
The deep troll barely misses you.
You hit the iron troll.
The iron troll bites you but does no damage.
The iron troll claws you but does no damage.
The iron troll claws you!
* * * LOW HITPOINT WARNING * * *
You block the deep troll's attack. The deep troll barely misses you.
You block the deep troll's attack.
You hit the iron troll.
You feel better.
You hit the iron troll but do no damage.
You block the deep troll's attack. x3; The iron troll bites you.
* * * LOW HITPOINT WARNING * * *
The iron troll closely misses you. The iron troll claws you!
* * * LOW HITPOINT WARNING * * *
Aim: an iron troll (heavily wounded)
The fireball explodes!
The fireball engulfs the iron troll.
The iron troll resists.
The fireball engulfs the yaktaur!
The fireball engulfs you. You resist.
* * * LOW HITPOINT WARNING * * *
The fireball engulfs the deep troll!
You block the deep troll's attack. The deep troll claws you!!
* * * LOW HITPOINT WARNING * * *
The deep troll claws you but does no damage.
Blink to where?
You are very lightly contaminated with residual magic.
As you read the scroll of blinking, it crumbles to dust.
The yaktaur shoots a bolt.
The bolt hits you!
You die...
Z.Zc#

..(.# ....### ##
....##.#####.#
.....(........##
......((.....†.#######
#.....#####.#........#
...?..# #.#.#.#######
......# ##.#.@......#
.....## ##.#...#####
..#### ##.#...# ..
##.#..## # ##.#..##
####.Z## ##cT## ##T§#
####


You could see an iron troll, a deep troll, a yaktaur and a fire dragon
simulacrum.

Vanquished Creatures
  Bai Suzhen (Snake:4)
  Vashnia (Snake:3)
  Saint Roka (Snake:3)
  Jorgrun (Orc:2)
  3 thorn hunters (Swamp:4)
  Donald (Orc:2)
  7 nagarajas
  The ghost of waywinkle the Peltast, an adept MfGl of Okawaru (D:13)
  A frost giant (Depths:1)
  A fire giant (D:15)
  Aizul (Swamp:2)
  An orc warlord (Orc:2)
  2 stone giants (Depths:1)
  Azrael (Snake:3)
  Snorg (D:11)
  An ettin (Depths:1)
  2 fire dragons
  3 great orbs of eyes (Depths:1)
  Josephine (Swamp:1)
  An ogre mage (D:15)
  10 naga warriors
  13 hydras
  2 ghost crabs
  A vault guard (D:14)
  6 anacondas
  A shambling mangrove (Swamp:3)
  2 catoblepae
  A centaur warrior (D:15)
  Erica (D:10)
  9 two-headed ogres
  3 deep troll shamans (Depths:1)
  A dancing weapon (D:13)
  6 alligators
  15 naga sharpshooters
  3 orc high priests (Orc:2)
  3 shock serpents
  Nergalle (Lair:4)
  A skeletal warrior (D:15)
  A fire crab (shapeshifter) (D:14)
  2 salamander mystics (Snake:4)
  A spriggan druid (Swamp:4)
  2 sea snakes (Snake:4)
  7 swamp dragons
  An unseen horror (D:11)
  3 deep trolls
  A wizard (D:15)
  2 naga ritualists (Snake:4)
  A lindwurm (Lair:5)
  A necromancer (Depths:1)
  7 orc knights
  9 ugly things
  8 orc sorcerers
  6 mana vipers
  A cyclops (D:14)
  4 deep elf magi
  4 manticores
  4 salamanders
  17 black mambas
  A centaur zombie (D:15)
  8 elephants
  8 naga magi
  Maurice (D:12)
  A torpor snail (Lair:6)
  6 guardian serpents
  15 spiny frogs
  4 rime drakes
  An efreet (D:15)
  8 komodo dragons
  4 yaktaurs (Depths:1)
  10 tyrant leeches
  2 tengu conjurers (Depths:1)
  11 blink frogs
  3 raiju (Lair:6)
  A hornet (shapeshifter) (D:15)
  6 hornets
  5 trolls
  9 polar bears
  25 slime creatures
  9 bog bodies
  6 hippogriffs
  3 dream sheep (Lair:6)
  14 flying skulls (D:15)
  Sigmund (D:6)
  5 spriggans
  A shadow (D:15)
  A fire dragon skeleton (Depths:1)
  40 yaks
  2 deep troll skeletons (Depths:1)
  A fire elemental (Snake:3)
  4 wraiths (Swamp:1)
  5 wyverns
  7 basilisks
  Eustachio (D:4)
  25 vampire mosquitoes
  3 hungry ghosts
  6 wargs
  31 nagas
  An acid dragon (D:14)
  11 water moccasins
  18 swamp worms
  13 insubstantial wisps
  17 hell hounds
  30 orc warriors
  8 porcupines
  2 sky beasts
  12 black bears
  3 phantoms
  13 swamp drakes
  3 ice beasts
  An eye of draining (D:12)
  A necrophage (D:10)
  34 wolves
  8 ogres
  25 centaurs
  10 crocodiles
  4 big kobolds
  16 bullfrogs
  A gnoll sergeant (D:10)
  A wyvern skeleton (D:11)
  3 scorpions
  4 killer bees
  6 wights
  3 electric eels (Lair:2)
  A bullfrog zombie (D:10)
  2 lava snakes (Snake:2)
  12 crimson imps
  8 hounds
  14 orc priests
  2 bullfrog skeletons
  7 centaur skeletons
  6 jellies
  7 iguanas
  16 orc wizards
  8 worker ants
  3 hound zombies
  2 hound skeletons
  11 gnolls
  10 adders
  4 shadow imps
  An ooze (D:1)
  An adder skeleton (D:7)
  6 worms
  The ghost of Weibyu the Shield-Bearer, a weakling FoFi (D:15)
  A dart slug (D:3)
  5 leopard geckos
  81 orcs
  6 giant cockroaches
  7 goblins
  6 hobgoblins
  17 jackals
  14 kobolds
  8 quokkas
  7 bats
  2 frilled lizards
  A leopard gecko zombie (D:7)
  2 quokka zombies
  4 rats
  2 briar patches (Swamp:4)
  A plant (D:9)
1021 creatures vanquished.

Vanquished Creatures (collateral kills)
  2 thorn hunters
  5 naga warriors
  4 hydras
  6 anacondas
  A two-headed ogre (D:13)
  An alligator (Swamp:4)
  A deep troll shaman (Depths:1)
  Urug (D:11)
  A shock serpent (Snake:2)
  A deep troll earth mage (Depths:1)
  7 naga sharpshooters
  A salamander mystic (Snake:1)
  A sea snake (Snake:4)
  A swamp dragon (Swamp:4)
  5 naga ritualists
  2 mana vipers
  3 ugly things
  4 guardian serpents
  2 salamanders (Snake:1)
  7 elephants
  14 black mambas
  A stone giant skeleton (Depths:1)
  7 naga magi
  A centaur skeleton (D:13)
  A kobold demonologist (D:11)
  A komodo dragon (D:15)
  A spiny frog (Swamp:4)
  2 yaktaurs (Depths:1)
  A troll (Snake:3)
  2 tyrant leeches
  A polar bear (Lair:6)
  A hornet (Swamp:3)
  2 dream sheep (Lair:6)
  2 slime creatures (Swamp:2)
  A hippogriff (Lair:5)
  4 flying skulls (D:15)
  A wyvern (Lair:4)
  A water elemental (Depths:1)
  A hungry ghost (D:13)
  A basilisk (Lair:4)
  A warg (Lair:6)
  An insubstantial wisp (Swamp:4)
  13 nagas
  2 water moccasins
  A hell hound (Snake:3)
  A swamp drake (Swamp:4)
  A porcupine (Lair:3)
  5 orc warriors
  4 wolves
  A crocodile (D:15)
  A big kobold (D:11)
  A lava snake (Snake:2)
  3 orc wizards
  An orc priest (Snake:3)
  2 adders (Snake:2)
  A shadow imp (D:13)
  7 orcs
  A kobold (D:11)
  A briar patch (Swamp:1)
150 creatures vanquished.

Vanquished Creatures (others)
  A skeletal warrior (D:15)
  A deep troll (Depths:1)
  2 wargs (Snake:3)
  A naga (Snake:4)
  An orc priest (Orc:2)
  An orc wizard (Orc:2)
  A jelly (D:13)
  2 orcs (D:15)
  A kobold (D:11)
  4 briar patches (Swamp:4)
  2 fungi (Lair:6)
  17 plants
  3 toadstools (Swamp:1)
37 creatures vanquished.

Grand Total: 1208 creatures vanquished

Notes
Turn   | Place    | Note
-------+----------+-------------------------------------------
     0 | D:1      | MatthieuS the Human Wanderer began the quest for the Orb.
     0 | D:1      | MatthieuS set off with the following items: a +2 spear, a
                  | potion of curing {@q1}, 13 poisoned needles, a +0 blowgun,
                  | a ration, a +0 robe
     0 | D:1      | Reached XP level 1. HP: 22/22 MP: 1/1
   117 | D:1      | Reached XP level 2. HP: 27/28 MP: 2/2
   119 | D:1      | Reached skill level 2 in Polearms
   514 | D:1      | Reached XP level 3. HP: 30/34 MP: 3/3
   719 | D:2      | Reached skill level 3 in Polearms
   827 | D:2      | Reached XP level 4. HP: 26/40 MP: 4/4
  1426 | D:2      | Found a burning altar of Makhleb.
  1428 | D:2      | Noticed a green death
  1455 | D:2      | Noticed a hellwing
  1455 | D:2      | Noticed a neqoxec
  1457 | D:2      | Became a worshipper of Makhleb the Destroyer
  2275 | D:3      | Reached skill level 4 in Polearms
  2659 | D:3      | Reached XP level 5. HP: 23/46 MP: 5/5
  2986 | D:3      | Reached skill level 5 in Polearms
  4101 | D:4      | Reached XP level 6. HP: 41/52 MP: 6/6
  4377 | D:4      | Reached skill level 6 in Polearms
  4836 | D:4      | Reached XP level 7. HP: 51/58 MP: 7/7
  5079 | D:4      | Noticed Eustachio
  5128 | D:4      | Killed Eustachio
  5128 | D:4      | Reached skill level 7 in Polearms
  5641 | D:5      | Entered Level 5 of the Dungeon
  5641 | D:5      | Noticed a water moccasin
  6130 | D:5      | Found a stormy altar of Qazlal.
  6167 | D:5      | Found a staircase to the Ecumenical Temple.
  6193 | D:5      | Reached skill level 1 in Shields
  6193 | D:5      | Reached skill level 1 in Invocations
  6193 | D:5      | Reached XP level 8. HP: 41/64 MP: 8/8
  6338 | D:5      | Found a blossoming altar of Fedhas.
  6459 | D:5      | Reached skill level 8 in Polearms
  6459 | D:5      | Reached skill level 1 in Evocations
  6870 | D:5      | HP: 3/65 [poisoned by a water moccasin]
  6878 | D:5      | HP: 3/65 [poisoned by a water moccasin]
  7625 | D:6      | Reached * piety under Makhleb
  7740 | D:6      | Reached XP level 9. HP: 37/71 MP: 9/11
  7975 | D:6      | Found an ancient bone altar of Kikubaaqudgha.
  7975 | D:6      | Found a shattered altar of Ashenzari.
  8018 | D:6      | Reached skill level 9 in Polearms
  8408 | D:6      | Noticed Sigmund
  8431 | D:6      | Killed Sigmund
  8613 | D:6      | Found a transporter.
  8664 | D:6      | Found a transporter.
  9883 | D:7      | Reached XP level 10. HP: 74/79 MP: 13/13
  9950 | D:7      | Reached skill level 10 in Polearms
 10327 | D:7      | Reached ** piety under Makhleb
 11314 | D:8      | Reached skill level 5 in Invocations
 11319 | D:8      | Noticed a two-headed ogre
 11338 | D:8      | Killed a two-headed ogre
 11619 | D:8      | Found Awnetzok's Antique Weapon Shoppe.
 11753 | D:8      | Bought a steaming trident for 314 gold pieces
 11756 | D:8      | Identified the +7 trident "Higudghe" {vamp, +Blink rElec}
                  | (You bought it in a shop on level 8 of the Dungeon)
 11815 | D:7      | Found a snail-covered altar of Cheibriados.
 11857 | D:8      | Noticed a two-headed ogre
 11870 | D:8      | Killed a two-headed ogre
 11870 | D:8      | Reached skill level 11 in Polearms
 12334 | D:8      | Identified the ring of Syjet {Fire Str-2 Dex+5 Slay+6}
 12341 | D:8      | Noticed MatthieuS's ghost (novice HuWn)
 12351 | D:8      | Found a transporter.
 12362 | D:8      | Found a transporter.
 12362 | D:8      | Noticed Grum
 12362 | D:8      | Identified the +4 scale mail of Absolutism {Dex+4}
 12499 | D:8      | Found an iron altar of Okawaru.
 12500 | D:8      | Found a bloodstained altar of Trog.
 12792 | D:9      | Found a snail-covered altar of Cheibriados.
 12823 | D:9      | Found a staircase to the Lair.
 12823 | D:9      | Noticed a komodo dragon
 12846 | D:9      | Killed a komodo dragon
 12846 | D:9      | Reached XP level 11. HP: 83/87 MP: 15/15
 13017 | D:9      | Reached *** piety under Makhleb
 13034 | D:9      | Reached skill level 5 in Evocations
 13290 | D:10     | Entered Level 10 of the Dungeon
 13508 | D:10     | Noticed Erica
 13518 | D:10     | Killed Erica
 13609 | D:10     | Found Immog's Armour Emporium.
 13612 | D:10     | Bought a +0 pair of boots for 58 gold pieces
 13612 | D:10     | Bought a +0 cloak for 58 gold pieces
 13978 | D:10     | Identified the Collected Works on the Glacier and Toxins
 14077 | D:11     | Noticed a manticore
 14080 | D:11     | Noticed Snorg
 14313 | Lair:1   | Entered Level 1 of the Lair of Beasts
 14330 | D:9      | Reached skill level 12 in Polearms
 14716 | D:9      | Reached skill level 1 in Armour
 15099 | Lair:1   | Reached **** piety under Makhleb
 15735 | Lair:2   | Reached XP level 12. HP: 95/95 MP: 17/17
 16144 | Lair:2   | You fall through a shaft!
 16251 | Lair:3   | Reached skill level 5 in Shields
 16627 | Lair:2   | Found a transporter.
 16639 | Lair:2   | Noticed Ceffuacw's ghost (journeyman NaWz)
 16644 | Lair:2   | Found a transporter.
 16646 | Lair:2   | Identified the +2 trident of Agony {drain, rC+}
 16646 | Lair:2   | Noticed a spriggan rider
 16647 | Lair:2   | Found a bloodstained altar of Trog.
 16710 | Lair:2   | Got an ancient trident
 16711 | Lair:2   | Identified the +5 trident of Reinforcement {pierce, Str-2
                  | Int+5 SInv} (You found it on level 2 of the Lair of Beasts)
 16965 | Lair:2   | Found a staircase to the Swamp.
 17305 | Lair:3   | Found a staircase to the Snake Pit.
 17324 | Lair:3   | Reached skill level 13 in Polearms
 18244 | Lair:4   | Noticed a five-headed hydra
 18249 | Lair:4   | Killed a five-headed hydra
 18439 | Lair:4   | Noticed Nergalle
 18450 | Lair:4   | Killed Nergalle
 18450 | Lair:4   | Reached skill level 10 in Fighting
 18450 | Lair:4   | Reached XP level 13. HP: 103/103 MP: 19/19
 19608 | Lair:5   | Found a staircase to the Slime Pits.
 19608 | Lair:5   | Found a viscous altar of Jiyva.
 20076 | Lair:5   | Reached skill level 5 in Dodging
 20423 | Lair:6   | Entered Level 6 of the Lair of Beasts
 20481 | Lair:6   | Noticed a seven-headed hydra
 20499 | Lair:5   | Reached ***** piety under Makhleb
 20523 | Lair:5   | Reached skill level 5 in Armour
 20559 | Lair:5   | Killed a seven-headed hydra
 21105 | Lair:6   | Reached skill level 14 in Polearms
 21105 | Lair:6   | Reached XP level 14. HP: 111/111 MP: 21/21
 21282 | Lair:6   | Got a fine helmet
 21293 | Lair:6   | Identified the cursed +0 helmet of Shielding {rElec rN++
                  | Regen+ Int-2} (You found it on level 6 of the Lair of
                  | Beasts)
 22122 | Lair:6   | Reached skill level 10 in Invocations
 22606 | D:11     | Reached ****** piety under Makhleb
 22666 | D:11     | Killed Snorg
 22755 | D:11     | Noticed Urug
 22764 | D:11     | Killed Urug
 23052 | D:12     | Found a staircase to the Orcish Mines.
 23147 | D:12     | Noticed Maurice
 23159 | D:12     | Killed Maurice
 23517 | D:12     | Found a flagged portal.
 23738 | Bailey   | Entered a bailey
 24120 | Bailey   | Got a faintly glowing chain mail
 24171 | D:12     | Identified a scroll of acquirement
 24254 | D:10     | Bought +0 gold dragon scales for 1040 gold pieces
 24277 | D:10     | Identified the +9 chain mail of Wisdom {+Blink rN+ Str+4}
                  | (You found it in a bailey)
 24361 | Orc:1    | Entered Level 1 of the Orcish Mines
 24527 | Orc:2    | Entered Level 2 of the Orcish Mines
 24527 | Orc:2    | Noticed an orc warlord
 24700 | Orc:2    | Reached XP level 15. HP: 109/119 MP: 22/22
 24837 | Orc:2    | Killed an orc warlord
 24907 | Orc:2    | Found Paudeos's Book Shop.
 24938 | Orc:2    | Paralysed by an orc sorcerer for 6 turns
 24964 | Orc:2    | Paralysed by an orc sorcerer for 5 turns
 25194 | Orc:2    | Found Qotaschofau's Armour Emporium.
 25200 | Orc:2    | Found Bisopluj's Gadget Emporium.
 25202 | Orc:2    | Found Orio's Jewellery Shop.
 25212 | Orc:2    | Bought a box of beasts for 280 gold pieces
 25212 | Orc:2    | Bought a fan of gales for 560 gold pieces
 25257 | Orc:2    | Noticed Donald
 25285 | Orc:2    | Killed Donald
 25300 | Orc:2    | Noticed Jorgrun
 25466 | Orc:2    | Killed Jorgrun
 25615 | Orc:2    | Found a roughly hewn altar of Beogh.
 25686 | Orc:2    | Found a staircase to the Elven Halls.
 27127 | D:13     | Found a runed translucent door.
 27128 | D:13     | Found a shimmering altar of Xom.
 27128 | D:13     | Noticed waywinkle's ghost (adept MfGl)
 27128 | D:13     | Identified the cursed +3 trident of Woe {chaos, rElec rF+}
 27143 | D:13     | Paralysed by a +3 trident of Woe {chaos, rElec rF+} for 4
                  | turns
 27233 | D:13     | Killed waywinkle's ghost
 27865 | D:14     | Reached skill level 10 in Evocations
 27865 | D:14     | Reached XP level 16. HP: 127/127 MP: 24/24
 27913 | D:14     | Found a gate to the Vaults.
 28210 | D:15     | Entered Level 15 of the Dungeon
 28210 | D:15     | Found Qezeesch's General Store.
 28223 | D:15     | Paralysed by an ogre mage for 2 turns
 28271 | D:15     | Bought a scroll of enchant armour for 112 gold pieces
 28271 | D:15     | Bought a potion of curing for 45 gold pieces
 28271 | D:15     | Bought a wand of paralysis (5) for 105 gold pieces
 28357 | D:15     | Found the +3 giant club "Skullcrusher" {speed, Str+7}
 28577 | D:15     | Noticed a fire giant
 28577 | D:15     | Found a staircase to the Depths.
 28609 | D:15     | Killed a fire giant
 28702 | D:15     | Found a runed translucent door.
 28702 | D:15     | Noticed Weibyu's ghost (weakling FoFi)
 28739 | D:15     | Killed Weibyu's ghost
 28962 | D:15     | Got a distressingly furry robe
 29543 | Swamp:1  | Entered Level 1 of the Swamp
 29552 | Swamp:1  | Noticed a thorn hunter
 29803 | Swamp:1  | Killed a thorn hunter
 30014 | Swamp:1  | Noticed Josephine
 30037 | Swamp:1  | Reached skill level 10 in Shields
 30110 | Swamp:1  | Killed Josephine
 30944 | Swamp:2  | Noticed Aizul
 30969 | Swamp:2  | Killed Aizul
 30969 | Swamp:2  | Reached XP level 17. HP: 129/135 MP: 26/26
 31123 | Swamp:2  | Got a crude whip
 32134 | Swamp:3  | Reached skill level 15 in Polearms
 32744 | Swamp:4  | Entered Level 4 of the Swamp
 33009 | Swamp:4  | Noticed a thorn hunter
 33040 | Swamp:4  | Killed a thorn hunter
 33160 | Swamp:4  | Noticed a thorn hunter
 33192 | Swamp:4  | Killed a thorn hunter
 33249 | Swamp:4  | Noticed a thorn hunter
 33282 | Swamp:4  | Killed a thorn hunter
 33382 | Swamp:4  | Reached skill level 10 in Armour
 33387 | Swamp:4  | Reached skill level 10 in Dodging
 33524 | Swamp:4  | Noticed a thorn hunter
 33559 | Swamp:4  | Killed a thorn hunter
 33875 | Swamp:4  | Got a twisted leather armour
 33882 | Swamp:4  | Got a decaying rune of Zot
 34065 | Snake:1  | Entered Level 1 of the Snake Pit
 34169 | Snake:1  | Reached XP level 18. HP: 79/143 MP: 25/27
 34409 | Snake:1  | Found Poig's Distillery.
 34436 | Snake:1  | Bought a potion of invisibility for 80 gold pieces
 34436 | Snake:1  | Bought a potion of haste for 100 gold pieces
 34436 | Snake:1  | Bought a potion of invisibility for 80 gold pieces
 34436 | Snake:1  | Bought a potion of heal wounds for 50 gold pieces
 34436 | Snake:1  | Bought a potion of heal wounds for 50 gold pieces
 34436 | Snake:1  | Bought a potion of curing for 30 gold pieces
 34436 | Snake:1  | Bought a potion of cancellation for 80 gold pieces
 34436 | Snake:1  | Bought a potion of heal wounds for 50 gold pieces
 34436 | Snake:1  | Bought a potion of cancellation for 80 gold pieces
 34436 | Snake:1  | Bought a potion of ambrosia for 80 gold pieces
 34436 | Snake:1  | Bought a potion of brilliance for 40 gold pieces
 35464 | Snake:3  | Noticed Vashnia
 35487 | Snake:3  | Killed Vashnia
 35721 | Snake:3  | Found a transporter.
 35797 | Snake:3  | Noticed Azrael
 35827 | Snake:3  | Killed Azrael
 35916 | Snake:3  | Found Leceev's Book Shop.
 36025 | Snake:3  | Found a transporter.
 36040 | Snake:3  | Noticed Saint Roka
 36088 | Snake:3  | Killed Saint Roka
 36470 | Snake:3  | Found Sevaigam's Jewellery Boutique.
 36487 | Snake:3  | Bought the ring "Sugol" {Str+4 Slay+2 SInv} for 527 gold
                  | pieces
 36533 | Snake:3  | Found Qofewu's Antique Armour Shoppe.
 36897 | Snake:3  | Got a warped golden ring
 36915 | Snake:3  | Identified the ring "Gimeunol" {rC+ MR+ AC+2} (You found it
                  | on level 3 of the Snake Pit)
 36917 | Snake:3  | Got a vibrating copper ring
 36919 | Snake:3  | Identified the ring "Piemoruc" {rF+ MR+ SInv} (You found it
                  | on level 3 of the Snake Pit)
 36938 | Snake:3  | Identified a +2 pair of boots of running (You found it on
                  | level 3 of the Snake Pit)
 36956 | Snake:4  | Entered Level 4 of the Snake Pit
 37199 | Snake:4  | Noticed Bai Suzhen
 37235 | Snake:4  | Killed Bai Suzhen
 37789 | Snake:4  | Reached XP level 19. HP: 151/151 MP: 18/29
 38614 | Snake:4  | Reached skill level 16 in Polearms
 38684 | Snake:4  | Got a serpentine rune of Zot
 39441 | Depths:1 | Entered Level 1 of the Depths
 39909 | Depths:1 | Shot with a bolt by a yaktaur

Levels and vault maps discovered:
D:1:      eino_arrival_druids_welcome, layout_loops_ring,
          minmay_misc_feat_columns, minivault_4
D:2:      layout_basic, first_ration, makhleb_altar_promises_db
D:3:      layout_rooms, serial_co_window_serial, co_window_paths_a,
          co_window_paths_a, co_window_paths_a, co_window_cross_1,
          co_window_paths_a, co_window_of_opportunity_a, co_window_corner_a,
          co_window_of_opportunity_c, co_window_paths_c,
          co_window_of_opportunity_b, co_window_of_opportunity_b,
          co_window_corner_b, co_window_4corner_b, glass_columns_b,
          glass_columns_b, glass_columns_b, glass_columns_a, glass_columns_a
D:4:      layout_basic, cheibrodos_sewer_entry_bend, minmay_misc_feat_tower,
          kennysheep_doodads, uniq_eustachio
D:5:      layout_loops_ring, nicolae_qazlal_general_emergency,
          minmay_temple_entry_trees, fedhas_altar_2
D:6:      gammafunk_cloud_chamber, layout_cave_pools,
          gammafunk_temple_overflow_elements, uniq_sigmund
D:7:      lemuel_upstairs_altar, layout_gridville, the_bakery
D:8:      layout_rooms, grunt_temple_overflow_bloody_war, serial_shops,
          kennysheep_little_box, gammafunk_ghost_gnarly_gnolls
D:9:      layout_loops_ring, cheibriados_altar_1, david_lair_shrubbed
D:10:     layout_gridville, serial_shops, kennysheep_mini_moat, minmay_circle_x,
          uniq_erica
D:11:     layout_cross, uniq_urug, uniq_snorg
D:12:     layout_roguey, orc_0_dummy, enter_bailey_8, uniq_maurice
D:13:     layout_rooms, ebering_ghost_xom, lemuel_flamethrower_2
D:14:     layout_irregular_city, david_vaults_4, chequers_serial_rivers_micro_b
D:15:     grunt_enter_depths_giant_problem, layout_long_grid, serial_shops,
          nicolae_shop_crystal, ebering_ghost_reflecting_pool, nicolae_wwwww,
          minmay_guarded_unrand_skullcrusher
Lair:1:   layout_concentric_octagons, grunt_megastairs_2
Lair:2:   layout_small_grid, nicolae_swamp_entry_splash_gauntlet,
          gammafunk_ghost_wrathful_warriors, serial_bayou_shore_a
Lair:3:   layout_gridlike, minmay_snake_entry_guardpost_small,
          lemuel_fruit_fields
Lair:4:   layout_layer_cave, uniq_nergalle
Lair:5:   layout_long_grid, slime_altar_1, grunt_megastairs_5
Lair:6:   hangedman_lair_caniforms_friends, layout_misc_corridors,
          grunt_forest_large_clearings
Swamp:1:  cheibrodos_swamp_tower_of_moss, layout_falls_marsh,
          evilmike_swamp_ruin_house_1, swamp_pool3, uniq_josephine
Swamp:2:  layout_falls_marsh, serial_swamp_ruin, evilmike_swamp_ruin_rubble_1,
          evilmike_swamp_ruin_house_3, uniq_aizul
Swamp:3:  layout_basic_swamp, evilmike_swamp_ruin_rubble_2
Swamp:4:  swamp, layout_basic_swamp, infiniplex_staircase_pool
Snake:1:  layout_rooms, serial_shops, shop_fountains
Snake:2:  layout_onion, nicolae_snake_lava_pool
Snake:3:  gammafunk_its_a_trap, layout_chambers, serial_shops, shop, shop,
          nicolae_shop_competitors_out_of_business, uniq_vashnia, uniq_azrael,
          uniq_saint_roka
Snake:4:  johnstein_snake_rune_scales, layout_misc_corridors,
          nicolae_snake_round_shape_thing, guppyfry_snake_island,
          uniq_bai_suzhen
Orc:1:    layout_caves
Orc:2:    st_orc_elflike, layout_caves, portal_ice_cave_entry_pillars_1,
          basic_altar, special_room, abandoned_shop, uniq_donald, uniq_jorgrun
Depths:1: layout_cave_pools, grunt_decor_fettered, serial_glass,
          glass_columns_b, glass_columns_a, abyss_entry, hell_entry,
          kennysheep_four_rooms, firewood_loft, serial_bayou_shore_b,
          grunt_megastairs_1, uniq_enchantress

Skill      XL: |  1  2  3  4  5  6  7  8  9 10 11 12 13 14 15 16 17 18 19 |
---------------+----------------------------------------------------------+-----
Polearms       | 2 3 4 5 6 7 8 9 11 12 13 14 15 16 | 16.1
Shields        | 1 2 4 5 6 8 9 10 11 12 | 12.1
Invocations    | 1 2 4 6 7 8 9 10 11 12 13 14 | 14.0
Evocations     | 2 3 4 6 7 8 9 10 11 12 | 12.6
Fighting       | 7 8 9 10 11 12 13 14 | 14.1
Armour         | 1 3 5 7 8 9 10 11 | 11.4
Dodging        | 2 4 5 7 8 9 10 11 | 11.5
Throwing       | |  1.0
Stealth        | |  1.0

Action                   |  1- 3 |  4- 6 |  7- 9 | 10-12 | 13-15 | 16-18 | 19-21 || total
-------------------------+-------+-------+-------+-------+-------+-------+-------++-------
Melee: Spear             |    61 |   117 |   431 |   191 |       |       |       ||   800
       Dagger            |       |   105 |    36 |       |       |       |       ||   141
       Trident           |       |       |       |   705 |  1988 |  2514 |   701 ||  5908
 Fire: Blowgun           |       |       |     2 |       |       |       |       ||     2
Throw: Throwing net      |       |       |     2 |       |       |       |       ||     2
Invok: Minor Destruction |       |       |       |     3 |     1 |       |       ||     4
       Lesser Servant of |       |       |       |     7 |    18 |    52 |    39 ||   116
       Major Destruction |       |       |       |     3 |     1 |       |     1 ||     5
       Greater Servant o |       |       |       |       |     2 |     2 |       ||     4
 Abil: Evoke Blink       |       |       |       |       |    10 |    11 |       ||    21
Evoke: Wand              |       |       |    35 |    20 |    24 |    40 |     4 ||   123
       Box of beasts     |       |       |       |       |       |     2 |       ||     2
  Use: Potion            |       |     5 |     2 |     2 |     4 |     4 |     3 ||    20
       Scroll            |       |       |     9 |    12 |    10 |     9 |     3 ||    43
 Stab: Sleeping          |     3 |     1 |     1 |     2 |     2 |       |       ||     9
       Distracted        |       |       |       |     2 |     8 |    21 |    16 ||    47
       Petrified         |       |       |       |       |     1 |       |       ||     1
       Confused          |       |       |       |       |       |     5 |       ||     5
  Eat: Chunk             |       |    12 |     9 |    17 |    15 |    16 |     4 ||    73
       Ration            |       |       |     3 |     7 |     7 |     6 |     1 ||    24
Armor: Robe              |     8 |     1 |       |       |       |       |       ||     9
       Ring mail         |       |    50 |    72 |   132 |   410 |       |       ||   664
       Leather armour    |       |     8 |       |       |       |       |       ||     8
       Chain mail        |       |       |       |     1 |       |       |       ||     1
       Troll leather arm |       |       |       |       |    64 |       |       ||    64
       Gold dragon scale |       |       |       |       |   430 |  1436 |   385 ||  2251
Dodge: Dodged            |    14 |    92 |   137 |   252 |   864 |   335 |   130 ||  1824
Block: Buckler           |       |       |    50 |   149 |   457 |       |       ||   656
       Shield            |       |       |       |       |   134 |  1440 |   460 ||  2034

Table legend:
 A = Non-vault XP
 B = Vault XP
 C = Vault XP percentage of total XP
 D = Non-vault monster count
 E = Vault monster count
 F = Vault count percentage of total count
                 A         B        C        D         E       F
            +---------+---------+-------+---------+---------+-------
      Total |  188912 |  132634 |  41.2 |     826 |     345 |  29.5
            +---------+---------+-------+---------+---------+-------
        D:1 |      29 |       0 |   0.0 |      13 |       0 |   0.0
        D:2 |      77 |       0 |   0.0 |      25 |       0 |   0.0
        D:3 |     137 |       0 |   0.0 |      24 |       0 |   0.0
        D:4 |     376 |     195 |  34.2 |      14 |       3 |  17.6
        D:5 |     625 |       0 |   0.0 |      12 |       0 |   0.0
        D:6 |    1253 |     227 |  15.3 |      32 |       1 |   3.0
        D:7 |    1489 |     220 |  12.9 |      35 |       1 |   2.8
        D:8 |    2517 |     129 |   4.9 |      18 |       1 |   5.3
        D:9 |    2497 |    1231 |  33.0 |      25 |       6 |  19.4
       D:10 |    1640 |    1081 |  39.7 |      24 |       3 |  11.1
       D:11 |    3653 |    1923 |  34.5 |      26 |       2 |   7.1
       D:12 |    5874 |     462 |   7.3 |      37 |       1 |   2.6
       D:13 |    8494 |    2629 |  23.6 |      38 |       2 |   5.0
       D:14 |    2914 |    3388 |  53.8 |      23 |       4 |  14.8
       D:15 |   15596 |    6413 |  29.1 |      38 |      22 |  36.7
     Lair:1 |    1474 |     119 |   7.5 |       9 |       1 |  10.0
     Lair:2 |    6448 |     740 |  10.3 |      27 |       5 |  15.6
     Lair:3 |    3804 |     438 |  10.3 |      19 |       3 |  13.6
     Lair:4 |    3356 |     678 |  16.8 |      12 |       1 |   7.7
     Lair:5 |    9531 |    1941 |  16.9 |      36 |      17 |  32.1
     Lair:6 |    7365 |   10186 |  58.0 |      25 |      62 |  71.3
    Swamp:1 |    8477 |    3235 |  27.6 |      29 |       6 |  17.1
    Swamp:2 |   11435 |    1346 |  10.5 |      37 |       1 |   2.6
    Swamp:3 |   10791 |       0 |   0.0 |      35 |       0 |   0.0
    Swamp:4 |   12714 |   17338 |  57.7 |      31 |      26 |  45.6
    Snake:1 |   11256 |       0 |   0.0 |      30 |       0 |   0.0
    Snake:2 |    8830 |    1790 |  16.9 |      15 |      12 |  44.4
    Snake:3 |    7378 |   16481 |  69.1 |      17 |      28 |  62.2
    Snake:4 |   17393 |   40018 |  69.7 |      37 |      67 |  64.4
      Orc:1 |    3925 |       0 |   0.0 |      31 |       0 |   0.0
      Orc:2 |    3898 |   13114 |  77.1 |      24 |      25 |  51.0
   Depths:1 |   13666 |    5051 |  27.0 |      28 |       6 |  17.6
     Bailey |       0 |    2261 | 100.0 |       0 |      39 | 100.0
            +---------+---------+-------+---------+---------+-------
